 Dungeon Sprint DCSS version 0.18-a0-1405-g73f4075 (webtiles) character file.

4159390 emikaela the Heavyweight Champion (level 27, 314/323 HPs)
             Began as a Troll Arcane Marksman on Feb 24, 2016.
             Was the Champion of the Shining One.
             Escaped with the Orb!
             The game lasted 02:09:46 (8538 turns).

emikaela the Heavyweight Champion (TrAM)            Turns: 8538, Time: 02:09:46

Health: 314/323    AC: 44    Str: 33    XL:     27
Magic:  39/39      EV: 21    Int: 23    God:    the Shining One [******]
Gold:   19976      SH: 40    Dex: 17    Spells: 1 memorised, 27 levels left

rFire  + + +     SeeInvis .       - Unarmed
rCold  + . .     Gourm    +     a - +12 gold dragon armour
rNeg   + + +     Faith    .     e - +6 large shield of the Griffon {Str+4 Dex+3}
rPois  +         Spirit   .     E - +2 hat
rElec  +         Dismiss  .     v - -1 cloak of Baldness {*Contam Int+8 Dex-4 Slay+6} (curse)
rCorr  .         Reflect  +     (gloves unavailable)
SustAt .         Harm     .     (boots unavailable)
MR     +++..     NoTele   +     G - amulet "Tiogaj" {Reflect rF+ SH+6}
Stlth  ..........               I - ring "Fisef" {rElec rPois Str-2 Int+6 Slay+3}
                                p - ring "Oqorrec" {rF+ rN+ MR+ Str+4}

@: glowing, extremely resistant to hostile enchantments, extremely unstealthy
A: unfitting armour, claws 3, fire resistance 1, fast metabolism 3, gourmand,
regeneration 2, shaggy fur 1, tough skin 2
a: Divine Shield, Cleansing Flame, Summon Divine Warrior, Brand Weapon With Holy
Wrath, Renounce Religion
0: Orb of Zot
}: 10/15 runes: serpentine, slimy, silver, golden, demonic, glowing, fiery,
dark, gossamer, mossy


You escaped.
You worshipped the Shining One.
The Shining One was exalted by your worship.
You were not hungry.

You visited 1 branch You collected 44050 gold pieces.
You spent 24074 gold pieces at shops.

Inventory:

Missiles
 d - 16 large rocks (quivered)
 r - a throwing net
 z - 10 javelins of penetration
Armour
 a - a +12 gold dragon armour (worn)
 e - the +6 large shield of the Griffon (worn) {Str+4 Dex+3}
   (You bought it in a shop in the Dungeon)

   It affects your strength (+4).
   It affects your dexterity (+3).
 v - the cursed -1 cloak of Baldness (worn) {*Contam Int+8 Dex-4 Slay+6}
   (You bought it in a shop in the Dungeon)

   It affects your intelligence (+8).
   It affects your dexterity (-4).
   It affects your accuracy and damage with ranged weapons and melee attacks
   (+6).
   It causes magical contamination when unequipped.
   It has a curse placed upon it.
 y - the +3 pearl dragon armour of Ceitrik {rF- rN+ MP+9 Str+3 Int+5}
   (Okawaru gifted it to you in the Dungeon)

   It affects your strength (+3).
   It affects your intelligence (+5).
   It makes you vulnerable to fire.
   It protects you from negative energy.
   It affects your magic capacity (+9).
 E - a +2 hat (worn)
 H - a +2 cloak
 S - a +0 cloak of poison resistance
Rods
 T - a +2 rod of inaccuracy (13/13)
   (You found it in the Dungeon)
Jewellery
 p - the ring "Oqorrec" (left claw) {rF+ rN+ MR+ Str+4}
   (You bought it in a shop in the Dungeon)

   [ring of positive energy]

   It affects your strength (+4).
   It protects you from fire.
   It protects you from negative energy.
   It affects your resistance to hostile enchantments.
 q - the ring "Xudav" {rElec MR+ Str+3 Int-3}
   (You bought it in a shop in the Dungeon)

   [ring of strength]

   It affects your strength (+3).
   It affects your intelligence (-3).
   It insulates you from electricity.
   It affects your resistance to hostile enchantments.
 x - the ring "Iroted" {rPois MR+ MP+9 Str+2 Stlth+}
   (You bought it in a shop in the Dungeon)

   [ring of stealth]

   It affects your strength (+2).
   It protects you from poison.
   It affects your resistance to hostile enchantments.
   It affects your magic capacity (+9).
   It makes you more stealthy.
 G - the amulet "Tiogaj" (around neck) {Reflect rF+ SH+6}
   (You bought it in a shop in the Dungeon)

   [amulet of reflection]

   It shields you and reflects attacks.
   It protects you from fire.
   It affects your SH (+6).
 I - the ring "Fisef" (right claw) {rElec rPois Str-2 Int+6 Slay+3}
   (You bought it in a shop in the Dungeon)

   [ring of slaying]

   It affects your strength (-2).
   It affects your intelligence (+6).
   It affects your accuracy and damage with ranged weapons and melee attacks
   (+3).
   It insulates you from electricity.
   It protects you from poison.
 J - the ring "Mapnaoby" {rPois Str+6 SInv}
   (You bought it in a shop in the Dungeon)

   [ring of poison resistance]

   It affects your strength (+6).
   It protects you from poison.
   It lets you see invisible.
 L - the ring "Jogebor" {rCorr rPois Dex+4}
   (You bought it in a shop in the Dungeon)

   [ring of resist corrosion]

   It affects your dexterity (+4).
   It protects you from poison.
 N - the ring of Bodily Harmony {MR++ MP+9}
   (You bought it in a shop in the Dungeon)

   [ring of magical power]

   It affects your resistance to hostile enchantments.
   It affects your magic capacity (+9).
 P - the ring "Rusifix" {rCorr rN+ MR+ Int+4}
   (You bought it in a shop in the Dungeon)

   [ring of resist corrosion]

   It affects your intelligence (+4).
   It protects you from negative energy.
   It affects your resistance to hostile enchantments.
Wands
 l - a wand of acid (4/15)
 m - a wand of iceblast (5/15)
 u - a wand of hasting (4/9)
 F - a wand of heal wounds (4/9)
Scrolls
 k - 24 scrolls of blinking
 n - 26 scrolls of fog
 s - a scroll of remove curse
 w - 6 scrolls of silence
 C - 18 scrolls of recharging
Potions
 g - 25 potions of heal wounds
 h - 23 potions of haste
 i - 2 potions of magic
 j - 21 potions of berserk rage
 o - 25 potions of resistance
 A - 11 potions of might
 B - 11 potions of agility
 D - 19 potions of curing
 Q - 12 potions of cure mutation
Books
 b - a book of Debilitation
Miscellaneous
 c - a lamp of fire
 K - a quad damage
 M - a quad damage


   Skills:
 O Level 27 Fighting
 O Level 27 Throwing
 O Level 27 Armour
 O Level 27 Dodging
 + Level 16.2 Stealth
 + Level 26.2 Shields
 O Level 27 Unarmed Combat
 - Level 1.0 Spellcasting
 - Level 2.0 Hexes
 O Level 27 Invocations
 + Level 25.4 Evocations


You had 27 spell levels left.
You knew the following spells:

 Your Spells              Type           Power        Failure   Level  Hunger
a - Corona                Hex            ##.....      30%         1    ##.....


Dungeon Overview and Level Annotations

Branches:
Dungeon (1/1)

Altars:
Cheibriados
Dithmenos
Fedhas
Gozag
Kikubaaqudgha
Makhleb
Okawaru
Pakellas
Qazlal
Ru
Sif Muna
Trog
Vehumet
Xom
Yredelemnul
Zin
The Shining One
Jiyva
Lugonu

Shops:
D [%??*?*:[((!!


Innate Abilities, Weirdness & Mutations

You are too large for most types of armour.
You have claws for hands.
Your metabolism is lightning-fast.
You like to eat raw meat.
You heal very quickly.
You are covered in fur (AC +1).
You have very tough skin (AC +2).
Your flesh is heat resistant.


Message History

The deep elf master archer shoots an arrow.
You reflect the arrow off an invisible shield around you!
The arrow hits the deep elf master archer!!!
The deep elf master archer dies!
The arrow disappears in a puff of smoke!
You eviscerate the black draconian!!!
The black draconian is moderately wounded.
You block the black draconian's attack.
You eviscerate the black draconian!!!
The black draconian is almost dead.
You eviscerate the black draconian!!!
You kill the black draconian!
That felt strangely unrewarding.
There is a staircase leading out of the dungeon, spattered with blood here.
Items here: ) 0 [[ a cloak x2; a rapier; the Orb of Zot You pick up the Orb of Zot!
The Orb lets out a hideous shriek!
The lords of Pandemonium are not amused.
Beware!
Now all you have to do is get back out of the dungeon!
You have escaped!

#_....[[._# ###)[....[..###
#⌠..[[[..)[)[)#
######[8[.[[[.)[)8)######
##∩___..[[[[###..[[))__.∩##
###∩....[)[.8.# #.8)..[)..)∩###
##).[[...(.[.)[###[[.[[..[.....##
#⌠[[[[[([(![###[[)###)..[......⌠#
#⌠)..[[[.()(# #.@)###..[[..)...§#
#[((}(()((..###..[#.#..[.......⌠#
##..((=[[(..).(###.).......[...##
###∩.[.((.)(8.# #.8).[[[...∩###
##∩__.)((([}###...[[[___∩##
######(8(.)......8[######
#⌠(..........⌠# ###....=....###
#........_#


There were no monsters in sight!

Vanquished Creatures
  An ancient lich (D)
  Cerebov (D)
  Khufu (D)
  Mara (D)
  Gloorx Vloq (D)
  Mnoleg (D)
  2 orbs of fire (D)
  7 pandemonium lords (D)
  Agnes (D)
  A Killer Klown (D)
  3 curse toes (D)
  Geryon (D)
  A golden dragon (D)
  6 pearl dragons (D)
  An electric golem (D)
  7 Brimstone Fiends (D)
  25 hellephants (D)
  Nellie (D)
  2 tentacled monstrosities (D)
  4 Ice Fiends (D)
  9 Orb Guardians (D)
  4 Hell Sentinels (D)
  A lich (D)
  A quicksilver dragon (D)
  4 deep elf master archers (D)
  11 Shadow Fiends (D)
  8 titans (D)
  6 deep elf blademasters (D)
  2 acid blobs (D)
  6 Executioners (D)
  2 shadow dragons (D)
  A storm dragon (D)
  An azure jelly (D)
  24 greater nagas (D)
  7 draconian monks (D)
  13 fire giants (D)
  4 daevas (D)
  3 iron dragons (D)
  6 frost giants (D)
  4 draconian knights (D)
  4 draconian scorchers (D)
  4 draconian zealots (D)
  13 stone giants (D)
  7 draconian shifters (D)
  A cacodemon (D)
  4 draconian annihilators (D)
  6 angels (D)
  8 spriggan defenders (D)
  2 ophanim (D)
  3 reapers (D)
  2 green draconians (D)
  3 draconian callers (D)
  5 apis (D)
  4 mottled draconians (D)
  A red draconian (D)
  6 black draconians (D)
  3 purple draconians (D)
  A yellow draconian (D)
  A white draconian (D)
  2 deep elf death magi (D)
  3 vault guards (D)
  A jumping spider (D)
  3 great orbs of eyes (D)
  6 fire dragons (D)
  2 ice dragons (D)
  2 spriggan air magi (D)
  An entropy weaver (D)
  A naga warrior (D)
  A merfolk avatar (D)
  3 anacondas (D)
  3 merfolk aquamancers (D)
  19 catoblepae (D)
  8 centaur warriors (D)
  26 dancing weapons (D)
  An ogre mage (D)
  A hell hog (D)
  3 spriggan berserkers (D)
  4 spriggans (D)
  A soul eater (D)
  9 deep elf knights (D)
  2 cherubim (D)
  3 sun demons (D)
  Aizul (D)
  A death drake (D)
  A skeletal warrior (D)
  3 spriggan druids (D)
  4 sea snakes (D)
  8 deep elf archers (D)
  An ironbrand convoker (D)
  An orc knight (D)
  2 shining eyes (D)
  16 deep elf magi (D)
  A wolf spider (D)
  5 hornets (D)
  8 harpies (D)
  A griffon (D)
  2 sixfirhies (D)
  2 manticores (D)
  4 moths of wrath (D)
  A water nymph (D)
  11 guardian serpents (D)
  3 sirens (D)
  2 rust devils (D)
  6 eyes of devastation (D)
  3 orange demons (D)
  3 komodo dragons (D)
  A hellion (D)
  A tormentor (D)
  A demonic crawler (D)
  2 golden dragon simulacra (D)
  An ice devil (D)
  2 fire drakes (D)
  2 queen bees (D)
  5 wandering mushrooms (D)
  A polar bear (D)
  A merfolk (D)
  A large abomination (D)
  A boulder beetle (D)
  2 slime creatures (D)
  8 redbacks (D)
  A shadow (D)
  2 tarantellas (D)
  4 water elementals (D)
  3 yaks (D)
  6 hungry ghosts (D)
  A golden eye (D)
  4 vampire mosquitoes (D)
  A hippogriff (D)
  A wolf (D)
  9 neqoxecs (D)
  2 hell hounds (D)
  A hydra simulacrum (D)
  A porcupine (D)
  A necrophage (D)
  2 eyes of draining (D)
  7 wasps (D)
  6 centaurs (D)
  A crocodile (D)
  A small abomination (D)
  6 killer bees (D)
  A wight (D)
  3 crimson imps (D)
  A quasit (D)
  A jelly (D)
  A hell rat (D)
  2 spriggan simulacra (D)
  A sheep (D)
  2 river rats (D)
  A shadow imp (D)
  7 giant eyeballs (D)
  2 ufetubi (D)
  4 oozes (D)
  An adder skeleton (D)
  3 bat skeletons (D)
  2 bat zombies (D)
  A giant gecko zombie (D)
  2 crawling corpses (D)
582 creatures vanquished.

Vanquished Creatures (collateral kills)
  A daeva (D)
  An ophan (D)
2 creatures vanquished.

Vanquished Creatures (others)
  2 deep elf master archers (D)
  A deep elf knight (D)
  2 deep elf archers (D)
5 creatures vanquished.

Grand Total: 589 creatures vanquished

Notes
Turn   | Place    | Note
--------------------------------------------------------------
     0 | D        | emikaela the Troll Arcane Marksman began the quest for the Orb.
     0 | D        | Reached XP level 1. HP: 18/18 MP: 1/1
     2 | D        | Found an oddly glowing altar of Pakellas.
     2 | D        | Found a deep blue altar of Sif Muna.
     3 | D        | Found a sacrificial altar of Ru.
     3 | D        | Found a shadowy altar of Dithmenos.
     4 | D        | Found a shimmering altar of Xom.
     4 | D        | Found a blossoming altar of Fedhas.
     4 | D        | Found Hutoucao's Premium Goods.
     4 | D        | Found Qooffeuv's Weapon Rack.
     5 | D        | Found Waowai's Miscellaneous Merchandise.
     5 | D        | Found Voffi's Basic Armour.
     5 | D        | Round 1.
    23 | D        | Found a basalt altar of Yredelemnul.
    25 | D        | Found a snail-covered altar of Cheibriados.
    25 | D        | Found a stormy altar of Qazlal.
    25 | D        | Found Zeareiku's Do-It-Yourself Clinic.
    25 | D        | Found Qiyretre's Bottled Wisdom.
    26 | D        | Found Edgheafilo's Distillery.
    31 | D        | Found Zoiras's Distillery.
    31 | D        | Found a glowing golden altar of the Shining One.
    31 | D        | Found an iron altar of Okawaru.
    42 | D        | Became a worshipper of Warmaster Okawaru
    43 | D        | Found a bloodstained altar of Trog.
    45 | D        | Found an opulent altar of Gozag.
    45 | D        | Found a viscous altar of Jiyva.
    45 | D        | Found Biurasenet's Staff Store.
    45 | D        | Found Itruecua's Must-Have Magic.
    46 | D        | Found Qooffeuv's Magic Scroll Shop.
    52 | D        | Reached skill level 1 in Fighting
    52 | D        | Reached skill level 1 in Unarmed Combat
    57 | D        | Found Bigrua Ugue's Magic Scroll Shop.
    57 | D        | Found an ancient bone altar of Kikubaaqudgha.
    68 | D        | Found a burning altar of Makhleb.
    69 | D        | Found a glowing silver altar of Zin.
    72 | D        | Reached XP level 2. HP: 22/27 MP: 2/2
    74 | D        | Found a corrupted altar of Lugonu.
    74 | D        | Found Tegae's Bee Food.
    74 | D        | Found Kematrie's Jewellery.
    75 | D        | Found Vosmoust's Advanced Armour.
    80 | D        | Found Rumpaas's Identification Station.
    80 | D        | Found a radiant altar of Vehumet.
    81 | D        | Bought a translucent ivory ring for 45 gold pieces
    81 | D        | Bought a steaming amber ring for 45 gold pieces
    81 | D        | Identified the ring "Oqorrec" {rF+ rN+ MR+ Str+4} (You bought it in a shop in the Dungeon)
    82 | D        | Identified the ring "Xudav" {rElec MR+ Str+3 Int-3} (You bought it in a shop in the Dungeon)
   144 | D        | Reached XP level 3. HP: 27/35 MP: 3/3
   149 | D        | Arena points: 12 (+12) [x2]
   213 | D        | Round 2.
   214 | D        | Noticed a necrophage
   221 | D        | Killed a necrophage
   221 | D        | Reached * piety under Okawaru
   221 | D        | Reached skill level 5 in Throwing
   221 | D        | Reached skill level 5 in Unarmed Combat
   221 | D        | Reached XP level 4. HP: 35/44 MP: 4/4
   301 | D        | Arena points: 48 (+36) [x3]
   301 | D        | Reached XP level 5. HP: 52/52 MP: 5/5
   317 | D        | Bought a shimmering bone amulet for 45 gold pieces
   317 | D        | Identified the amulet of Nestab {Faith rElec MR+} (You bought it in a shop in the Dungeon)
   379 | D        | Round 3.
   385 | D        | Noticed a porcupine
   392 | D        | Killed a porcupine
   405 | D        | Noticed a yak
   411 | D        | Killed a yak
   411 | D        | Reached XP level 6. HP: 50/62 MP: 6/6
   438 | D        | Noticed a yak
   439 | D        | Noticed a komodo dragon
   444 | D        | Killed a yak
   444 | D        | Reached ** piety under Okawaru
   444 | D        | Reached skill level 5 in Fighting
   444 | D        | Reached skill level 5 in Dodging
   444 | D        | Reached XP level 7. HP: 65/71 MP: 4/7
   446 | D        | Noticed a yak
   448 | D        | Killed a komodo dragon
   452 | D        | Killed a yak
   452 | D        | Reached *** piety under Okawaru
   452 | D        | Arena points: 132 (+84) [x4]
   523 | D        | Round 4.
   548 | D        | Noticed a sixfirhy
   548 | D        | Killed a sixfirhy
   548 | D        | Reached **** piety under Okawaru
   548 | D        | Reached skill level 10 in Throwing
   548 | D        | Reached skill level 10 in Unarmed Combat
   548 | D        | Reached XP level 8. HP: 80/82 MP: 8/8
   565 | D        | Noticed a rust devil
   569 | D        | Noticed an orange demon
   574 | D        | Killed a rust devil
   574 | D        | Received a gift from Okawaru
   581 | D        | Killed an orange demon
   581 | D        | Received a gift from Okawaru
   610 | D        | Noticed an orange demon
   613 | D        | Noticed a rust devil
   616 | D        | Killed an orange demon
   616 | D        | Reached XP level 9. HP: 63/92 MP: 9/9
   623 | D        | Killed a rust devil
   623 | D        | Reached ***** piety under Okawaru
   661 | D        | Noticed an ice devil
   664 | D        | Killed an ice devil
   671 | D        | Noticed an orange demon
   685 | D        | Killed an orange demon
   685 | D        | Received a gift from Okawaru
   685 | D        | Arena points: 292 (+160) [x5]
   713 | D        | Bought a jewelled hat for 315 gold pieces
   716 | D        | Round 5.
   716 | D        | Noticed Aizul
   718 | D        | Noticed a black mamba
   718 | D        | Identified the +0 hat "Bumih" {+Blink Stlth+} (You bought it in a shop in the Dungeon)
   722 | D        | Killed Aizul
   722 | D        | Received a gift from Okawaru
   722 | D        | Arena points: 572 (+280) [x7]
   726 | D        | Got a serpentine rune of Zot
   727 | D        | Reached skill level 5 in Invocations
   727 | D        | Reached XP level 10. HP: 69/103 MP: 7/13
   730 | D        | Bought a dazzling cloak for 332 gold pieces
   735 | D        | Identified the cursed -1 cloak of Baldness {*Contam Int+8 Dex-4 Slay+6} (You bought it in a shop in the Dungeon)
   887 | D        | Round 6.
   902 | D        | Noticed a griffon
   907 | D        | Killed a griffon
   907 | D        | Received a gift from Okawaru
   915 | D        | Noticed a merfolk avatar
   916 | D        | Noticed a siren
   917 | D        | Killed a siren
   917 | D        | Reached XP level 11. HP: 110/112 MP: 11/14
   920 | D        | Killed a merfolk avatar
   950 | D        | Noticed a sea snake
   953 | D        | Killed a sea snake
  1004 | D        | Received a gift from Okawaru
  1007 | D        | Got a fine pearl dragon armour {god gift}
  1011 | D        | Arena points: 956 (+384) [x8]
  1051 | D        | Identified the +3 pearl dragon armour of Ceitrik {rF- rN+ MP+9 Str+3 Int+5} (Okawaru gifted it to you in the Dungeon)
  1070 | D        | Round 7.
  1078 | D        | Reached skill level 1 in Armour
  1135 | D        | Arena points: 1523 (+567) [x9]
  1150 | D        | Round 8.
  1195 | D        | Bought a coiled brass ring for 45 gold pieces
  1196 | D        | Identified the ring "Iroted" {rPois MR+ MP+9 Str+2 Stlth+} (You bought it in a shop in the Dungeon)
  1291 | D        | Arena points: 2323 (+800) [x10]
  1306 | D        | Bought 6 potions of might for 168 gold pieces
  1306 | D        | Bought 6 potions of agility for 168 gold pieces
  1308 | D        | Round 9.
  1335 | D        | Gained mutation: You expend magic power (3 MP) to strengthen your wands. [a neqoxec]
  1343 | D        | Gained mutation: You are weak. (Str -2) [a neqoxec]
  1355 | D        | Gained mutation: Potions and wands are less effective at restoring your health. [a neqoxec]
  1358 | D        | Reached skill level 5 in Armour
  1365 | D        | Gained mutation: Your spells are a little easier to cast, but a little less powerful. [a neqoxec]
  1367 | D        | Arena points: 3313 (+990) [x11]
  1398 | D        | Round 10.
  1400 | D        | Bought a potion of cure mutation for 175 gold pieces
  1400 | D        | Lost mutation: You expend magic power (3 MP) to strengthen your wands. [potion of cure mutation]
  1400 | D        | Lost mutation: Potions and wands are less effective at restoring your health. [potion of cure mutation]
  1400 | D        | Lost mutation: You are weak. (Str -2) [potion of cure mutation]
  1400 | D        | Lost mutation: Your spells are a little easier to cast, but a little less powerful. [potion of cure mutation]
  1439 | D        | Noticed an entropy weaver
  1442 | D        | Noticed a wolf spider
  1446 | D        | Killed a wolf spider
  1446 | D        | Reached skill level 10 in Dodging
  1451 | D        | Killed an entropy weaver
  1451 | D        | Reached skill level 10 in Fighting
  1456 | D        | Reached ****** piety under Okawaru
  1477 | D        | Received a gift from Okawaru
  1477 | D        | Arena points: 4613 (+1300) [x13]
  1477 | D        | Reached XP level 12. HP: 30/126 MP: 17/17
  1480 | D        | Got a gossamer rune of Zot
  1481 | D        | Reached XP level 13. HP: 33/133 MP: 18/18
  1492 | D        | Bought a shimmering large shield for 332 gold pieces
  1497 | D        | Identified the +6 large shield of the Griffon {Str+4 Dex+3} (You bought it in a shop in the Dungeon)
  1541 | D        | Bought a potion of curing for 21 gold pieces
  1549 | D        | Bought 4 potions of curing for 84 gold pieces
  1549 | D        | Bought 3 potions of heal wounds for 105 gold pieces
  1675 | D        | Round 11.
  1689 | D        | Reached skill level 1 in Shields
  1828 | D        | Received a gift from Okawaru
  1835 | D        | Reached skill level 5 in Shields
  1863 | D        | Arena points: 4723 (+110) [x1]
  1878 | D        | Round 12.
  1885 | D        | Received a gift from Okawaru
  1953 | D        | Received a gift from Okawaru
  1985 | D        | Arena points: 5011 (+288) [x2]
  2008 | D        | Bought 3 scrolls of identify for 150 gold pieces
  2015 | D        | Bought a vibrating ruby amulet for 45 gold pieces
  2015 | D        | Bought a twitching steel amulet for 45 gold pieces
  2015 | D        | Identified the amulet "Tiogaj" {Reflect rF+ SH+6} (You bought it in a shop in the Dungeon)
  2016 | D        | Identified the amulet "Plog" {RegenMP rElec Int+5 Dex-3 Stlth+} (You bought it in a shop in the Dungeon)
  2058 | D        | Round 13.
  2068 | D        | Reached skill level 10 in Shields
  2109 | D        | Received a gift from Okawaru
  2122 | D        | Received a gift from Okawaru
  2162 | D        | Arena points: 5440 (+429) [x3]
  2174 | D        | Bought a potion of experience for 300 gold pieces
  2174 | D        | Reached XP level 14. HP: 143/143 MP: 19/19
  2210 | D        | Round 14.
  2350 | D        | Arena points: 6112 (+672) [x4]
  2394 | D        | Round 15.
  2417 | D        | Noticed Agnes
  2437 | D        | Killed Agnes
  2437 | D        | Received a gift from Okawaru
  2437 | D        | Arena points: 7102 (+990) [x6]
  2437 | D        | Reached skill level 15 in Shields
  2441 | D        | Got a mossy rune of Zot
  2442 | D        | Reached XP level 15. HP: 137/149 MP: 20/20
  2609 | D        | Round 16.
  2610 | D        | Bought a +0 gold dragon armour for 960 gold pieces
  2628 | D        | Noticed a purple draconian monk
  2638 | D        | Killed a purple draconian monk
  2661 | D        | Reached skill level 15 in Unarmed Combat
  2696 | D        | Reached skill level 10 in Armour
  2749 | D        | Received a gift from Okawaru
  2754 | D        | Noticed a mottled draconian monk
  2760 | D        | Killed a mottled draconian monk
  2760 | D        | Reached skill level 15 in Throwing
  2760 | D        | Reached XP level 16. HP: 146/163 MP: 21/21
  2794 | D        | Arena points: 8782 (+1680) [x7]
  2818 | D        | Round 17.
  2871 | D        | Bought 4 scrolls of enchant armour for 300 gold pieces
  2871 | D        | Bought 8 scrolls of enchant weapon for 600 gold pieces
  2871 | D        | Bought 4 scrolls of enchant armour for 300 gold pieces
  2895 | D        | Arena points: 10278 (+1496) [x8]
  2910 | D        | Round 18.
  2929 | D        | Bought 3 scrolls of identify for 150 gold pieces
  3053 | D        | Arena points: 12708 (+2430) [x9]
  3073 | D        | Bought 4 scrolls of enchant armour for 300 gold pieces
  3116 | D        | Round 19.
  3252 | D        | Arena points: 14988 (+2280) [x10]
  3276 | D        | Bought 3 scrolls of identify for 150 gold pieces
  3277 | D        | Bought a fine cloak for 332 gold pieces
  3280 | D        | Identified the cursed -3 cloak "Zeco" {MR+} (You bought it in a shop in the Dungeon)
  3285 | D        | Bought a shimmering brass ring for 45 gold pieces
  3285 | D        | Bought a fine copper ring for 45 gold pieces
  3285 | D        | Bought a heavily runed silver ring for 45 gold pieces
  3285 | D        | Bought a translucent brass ring for 45 gold pieces
  3285 | D        | Bought a vibrating glass ring for 45 gold pieces
  3285 | D        | Bought a clouded ivory ring for 45 gold pieces
  3285 | D        | Bought a transparent silver ring for 45 gold pieces
  3285 | D        | Bought a steaming platinum ring for 45 gold pieces
  3285 | D        | Bought a wavering pewter ring for 45 gold pieces
  3285 | D        | Bought a transparent lapis lazuli ring for 45 gold pieces
  3285 | D        | Bought a translucent wooden ring for 45 gold pieces
  3294 | D        | Bought 3 scrolls of identify for 150 gold pieces
  3294 | D        | Bought 3 scrolls of identify for 150 gold pieces
  3296 | D        | Identified the cursed ring "Nuemag" {+Fly rC- EV-3 Str+9} (You bought it in a shop in the Dungeon)
  3298 | D        | Identified the ring "Tyinukhlo" {rCorr *Confuse +Fly Int+10 Slay+4} (You bought it in a shop in the Dungeon)
  3300 | D        | Identified the ring of Insomnia {Fire Int+3} (You bought it in a shop in the Dungeon)
  3300 | D        | Round 20.
  3321 | D        | Identified the ring of Psychosis {Str+4 Int+3 Dex+4} (You bought it in a shop in the Dungeon)
  3322 | D        | Identified the cursed ring "Ivontish" {EV-3 Int+4 Dex-2 Stlth-} (You bought it in a shop in the Dungeon)
  3324 | D        | Identified the ring "Fisef" {rElec rPois Str-2 Int+6 Slay+3} (You bought it in a shop in the Dungeon)
  3325 | D        | Identified the ring "Rusifix" {rCorr rN+ MR+ Int+4} (You bought it in a shop in the Dungeon)
  3326 | D        | Identified the ring "Qodagh" {*Confuse rElec rF+ Dex+3 Stlth+} (You bought it in a shop in the Dungeon)
  3328 | D        | Identified the ring "Jogebor" {rCorr rPois Dex+4} (You bought it in a shop in the Dungeon)
  3329 | D        | Identified the ring "Mapnaoby" {rPois Str+6 SInv} (You bought it in a shop in the Dungeon)
  3334 | D        | Bought 3 scrolls of identify for 150 gold pieces
  3334 | D        | Bought 3 scrolls of identify for 150 gold pieces
  3339 | D        | Identified the ring of Bodily Harmony {MR++ MP+9} (You bought it in a shop in the Dungeon)
  3348 | D        | Noticed an acid blob
  3351 | D        | Killed an acid blob
  3353 | D        | Noticed a sulfuric acid blob
  3356 | D        | Received a gift from Okawaru
  3357 | D        | Got a crystal longbow {god gift}
  3381 | D        | Killed a sulfuric acid blob
  3381 | D        | Received a gift from Okawaru
  3381 | D        | Arena points: 18108 (+3120) [x12]
  3384 | D        | Got a slimy rune of Zot
  3385 | D        | Reached XP level 17. HP: 102/180 MP: 22/22
  3412 | D        | Bought 3 scrolls of silence for 225 gold pieces
  3412 | D        | Bought 3 scrolls of recharging for 285 gold pieces
  3572 | D        | Round 21.
  3602 | D        | Reached skill level 15 in Armour
  3629 | D        | Noticed a hellephant
  3640 | D        | Killed a hellephant
  3659 | D        | Noticed a tentacled monstrosity
  3668 | D        | Killed a tentacled monstrosity
  3702 | D        | Noticed Geryon
  3703 | D        | Noticed Nellie
  3710 | D        | Killed Geryon
  3710 | D        | Reached skill level 15 in Fighting
  3718 | D        | Killed Nellie
  3736 | D        | Arena points: 22203 (+4095) [x13]
  3767 | D        | Bought 5 potions of berserk rage for 175 gold pieces
  3767 | D        | Bought 6 potions of resistance for 420 gold pieces
  3767 | D        | Bought 4 potions of haste for 280 gold pieces
  3775 | D        | Bought 3 potions of experience for 900 gold pieces
  3775 | D        | Reached XP level 18. HP: 193/193 MP: 23/23
  3776 | D        | Reached XP level 19. HP: 201/201 MP: 24/24
  3777 | D        | Reached XP level 20. HP: 211/211 MP: 25/25
  3779 | D        | Bought 3 potions of heal wounds for 105 gold pieces
  3794 | D        | Round 22.
  3844 | D        | Reached XP level 21. HP: 154/219 MP: 26/26
  3936 | D        | Arena points: 26823 (+4620) [x14]
  3998 | D        | Round 23.
  3998 | D        | Noticed a curse toe
  4003 | D        | Noticed a curse toe
  4004 | D        | Noticed a curse toe
  4007 | D        | Killed a curse toe
  4015 | D        | Killed a curse toe
  4018 | D        | Killed a curse toe
  4018 | D        | Received a gift from Okawaru
  4072 | D        | Arena points: 29928 (+3105) [x15]
  4087 | D        | Round 24.
  4227 | D        | Received a gift from Okawaru
  4239 | D        | Arena points: 37608 (+7680) [x16]
  4285 | D        | Round 25.
  4337 | D        | Noticed Mara
  4364 | D        | Noticed emikaela's illusion
  4366 | D        | Killed Mara
  4366 | D        | Received a gift from Okawaru
  4366 | D        | Arena points: 44358 (+6750) [x18]
  4369 | D        | Got a silver rune of Zot
  4369 | D        | Got a dull robe {god gift}
  4370 | D        | Reached XP level 22. HP: 237/239 MP: 23/27
  4432 | D        | Bought 3 scrolls of recharging for 285 gold pieces
  4432 | D        | Bought 5 scrolls of fog for 100 gold pieces
  4432 | D        | Bought 5 scrolls of blinking for 375 gold pieces
  4469 | D        | Bought 3 potions of experience for 900 gold pieces
  4469 | D        | Bought 2 potions of experience for 600 gold pieces
  4469 | D        | Bought a potion of experience for 300 gold pieces
  4470 | D        | Reached XP level 23. HP: 247/247 MP: 28/28
  4471 | D        | Reached XP level 24. HP: 256/256 MP: 28/28
  4472 | D        | Reached XP level 25. HP: 265/265 MP: 28/28
  4473 | D        | Reached XP level 26. HP: 274/274 MP: 28/28
  4475 | D        | Reached XP level 27. HP: 282/284 MP: 28/28
  4479 | D        | Bought 4 potions of curing for 84 gold pieces
  4499 | D        | Bought a scroll of remove curse for 60 gold pieces
  4499 | D        | Bought a wand of heal wounds (5/9) for 1080 gold pieces
  4499 | D        | Bought a quad damage for 400 gold pieces
  4499 | D        | Bought a quad damage for 400 gold pieces
  4499 | D        | Bought a quad damage for 400 gold pieces
  4557 | D        | Round 26.
  4655 | D        | Arena points: 51768 (+7410) [x19]
  4687 | D        | Bought 3 potions of cure mutation for 525 gold pieces
  4712 | D        | Round 27.
  4742 | D        | Noticed an orb of fire
  4745 | D        | Killed an orb of fire
  4745 | D        | Reached skill level 15 in Dodging
  4849 | D        | Noticed an orb of fire
  4856 | D        | Killed an orb of fire
  4880 | D        | Arena points: 62568 (+10800) [x20]
  5092 | D        | Round 28.
  5102 | D        | Noticed Jicweal the pandemonium lord
  5117 | D        | Killed Jicweal the pandemonium lord
  5123 | D        | Noticed Jaaw the pandemonium lord
  5126 | D        | Killed Jaaw the pandemonium lord
  5126 | D        | Reached skill level 10 in Invocations
  5142 | D        | Noticed Fialonie the pandemonium lord
  5157 | D        | Noticed Ufixt the pandemonium lord
  5158 | D        | Killed Ufixt the pandemonium lord
  5158 | D        | Received a gift from Okawaru
  5184 | D        | Noticed Oci Teuh the pandemonium lord
  5193 | D        | Killed Oci Teuh the pandemonium lord
  5197 | D        | Noticed Ucyff the pandemonium lord
  5198 | D        | Killed Ucyff the pandemonium lord
  5203 | D        | Noticed Esacis the pandemonium lord
  5213 | D        | Killed Esacis the pandemonium lord
  5217 | D        | Killed Fialonie the pandemonium lord
  5228 | D        | Reached skill level 15 in Invocations
  5249 | D        | Arena points: 76092 (+13524) [x21]
  5290 | D        | Round 29.
  5442 | D        | Arena points: 89490 (+13398) [x22]
  5509 | D        | Round 30.
  5509 | D        | Noticed Cerebov
  5528 | D        | Killed Cerebov
  5528 | D        | Arena points: 101010 (+11520) [x24]
  5531 | D        | Got a fiery rune of Zot
  5599 | D        | Bought 3 scrolls of silence for 225 gold pieces
  5599 | D        | Bought 3 scrolls of recharging for 285 gold pieces
  5599 | D        | Bought 3 scrolls of recharging for 285 gold pieces
  5599 | D        | Bought 3 scrolls of recharging for 285 gold pieces
  5599 | D        | Bought 5 scrolls of fog for 100 gold pieces
  5599 | D        | Bought 4 scrolls of fog for 80 gold pieces
  5599 | D        | Bought 3 scrolls of fog for 60 gold pieces
  5599 | D        | Bought 5 scrolls of blinking for 375 gold pieces
  5599 | D        | Bought 4 scrolls of blinking for 300 gold pieces
  5599 | D        | Bought 3 scrolls of blinking for 225 gold pieces
  5600 | D        | Bought 3 scrolls of recharging for 285 gold pieces
  5600 | D        | Bought 4 scrolls of fog for 80 gold pieces
  5600 | D        | Bought 3 scrolls of fog for 60 gold pieces
  5600 | D        | Bought 4 scrolls of blinking for 300 gold pieces
  5600 | D        | Bought 3 scrolls of blinking for 225 gold pieces
  5609 | D        | Identified a +2 rod of inaccuracy (13/13) (You found it in the Dungeon)
  5620 | D        | Fell from the grace of Okawaru
  5620 | D        | Became a worshipper of the Shining One
  5736 | D        | Round 31.
  5754 | D        | Reached * piety under the Shining One
  5806 | D        | Reached ** piety under the Shining One
  5881 | D        | Reached *** piety under the Shining One
  5892 | D        | Arena points: 114185 (+13175) [x25]
  5924 | D        | Bought 5 potions of berserk rage for 175 gold pieces
  5924 | D        | Bought 5 potions of berserk rage for 175 gold pieces
  5924 | D        | Bought 6 potions of resistance for 420 gold pieces
  5924 | D        | Bought 6 potions of resistance for 420 gold pieces
  5924 | D        | Bought 3 potions of cure mutation for 525 gold pieces
  5924 | D        | Bought 2 potions of cure mutation for 350 gold pieces
  5924 | D        | Bought 2 potions of cure mutation for 350 gold pieces
  5924 | D        | Bought 5 potions of haste for 350 gold pieces
  5924 | D        | Bought 4 potions of haste for 280 gold pieces
  5924 | D        | Bought 3 potions of haste for 210 gold pieces
  5924 | D        | Round 32.
  5935 | D        | Reached **** piety under the Shining One
  5990 | D        | Arena points: 128329 (+14144) [x26]
  6021 | D        | Round 33.
  6036 | D        | Noticed Khufu
  6058 | D        | Killed Khufu
  6058 | D        | Arena points: 144037 (+15708) [x28]
  6061 | D        | Got a brightly glowing lajatang
  6061 | D        | Got a golden rune of Zot
  6082 | D        | Bought 4 potions of curing for 84 gold pieces
  6082 | D        | Bought 4 potions of curing for 84 gold pieces
  6082 | D        | Bought 4 potions of curing for 84 gold pieces
  6082 | D        | Bought 3 potions of heal wounds for 105 gold pieces
  6082 | D        | Bought 3 potions of heal wounds for 105 gold pieces
  6082 | D        | Bought 3 potions of heal wounds for 105 gold pieces
  6082 | D        | Bought 3 potions of heal wounds for 105 gold pieces
  6082 | D        | Bought 3 potions of heal wounds for 105 gold pieces
  6082 | D        | Bought 3 potions of heal wounds for 105 gold pieces
  6082 | D        | Bought 3 potions of heal wounds for 105 gold pieces
  6082 | D        | Bought 3 potions of heal wounds for 105 gold pieces
  6082 | D        | Bought 3 potions of heal wounds for 105 gold pieces
  6082 | D        | Bought 3 potions of heal wounds for 105 gold pieces
  6089 | D        | Bought 5 potions of berserk rage for 175 gold pieces
  6089 | D        | Bought 6 potions of resistance for 420 gold pieces
  6089 | D        | Bought 2 potions of cure mutation for 350 gold pieces
  6089 | D        | Bought 6 potions of might for 168 gold pieces
  6089 | D        | Bought 6 potions of agility for 168 gold pieces
  6089 | D        | Bought 5 potions of haste for 350 gold pieces
  6089 | D        | Bought 3 potions of haste for 210 gold pieces
  6291 | D        | Round 34.
  6361 | D        | Reached ***** piety under the Shining One
  6488 | D        | Arena points: 171645 (+27608) [x29]
  6528 | D        | Round 35.
  6549 | D        | Reached ****** piety under the Shining One
  6682 | D        | HP: 15/314 [Brimstone Fiend/blast of hellfire (47)]
  6683 | D        | HP: 7/314 [??? (2)]
  6700 | D        | Reached skill level 27 in Unarmed Combat
  6712 | D        | Arena points: 199995 (+28350) [x30]
  6773 | D        | Round 36.
  6791 | D        | Noticed Mnoleg
  6802 | D        | Killed Mnoleg
  6802 | D        | Arena points: 220731 (+20736) [x32]
  6805 | D        | Got a glowing rune of Zot
  7006 | D        | Round 37.
  7089 | D        | Reached skill level 27 in Throwing
  7158 | D        | Arena points: 250035 (+29304) [x33]
  7217 | D        | Round 38.
  7257 | D        | Reached skill level 27 in Fighting
  7275 | D        | Reached skill level 27 in Armour
  7275 | D        | Reached skill level 27 in Invocations
  7421 | D        | Arena points: 287503 (+37468) [x34]
  7474 | D        | Round 39.
  7487 | D        | Noticed Gloorx Vloq
  7503 | D        | Killed Gloorx Vloq
  7503 | D        | Arena points: 314179 (+26676) [x36]
  7503 | D        | Reached skill level 27 in Dodging
  7506 | D        | Got a dark rune of Zot
  7710 | D        | Round 40.
  7739 | D        | Reached skill level 10 in Evocations
  7763 | D        | Reached skill level 15 in Evocations
  7822 | D        | Arena points: 351179 (+37000) [x37]
  7837 | D        | Round 41.
  7906 | D        | Paralysed by a giant eyeball for 3 turns
  7921 | D        | Gained mutation: Your flesh is heat resistant. [a shining eye]
  7963 | D        | Paralysed by a giant eyeball for 2 turns
  7978 | D        | Paralysed by a giant eyeball for 4 turns
  7997 | D        | Arena points: 382339 (+31160) [x38]
  8037 | D        | Round 42.
  8038 | D        | Noticed Master Blaster
  8054 | D        | Noticed Micak the pandemonium lord
  8061 | D        | Killed Master Blaster
  8061 | D        | Arena points: 415939 (+33600) [x40]
  8078 | D        | Got a demonic rune of Zot
  8522 | D        | Was forgiven by Okawaru
  8536 | D        | Got the Orb of Zot
  8538 | D        | Escaped with the Orb!

Vault maps used:
D:        arena_sprint

Skill      XL: |  1  2  3  4  5  6  7  8  9 10 11 12 13 14 15 16 17 18 19 20 21 22 23 24 25 26 27 |
---------------+----------------------------------------------------------------------------------+-----
Fighting       | 1 2 3 4 5 6 7 8 10 11 14 15 18 27 | 27.0
Throwing       | 2 3 5 7 8 10 11 12 13 15 17 18 20 21 27 | 27.0
Unarmed Combat | 2 3 5 8 10 11 12 13 14 16 18 19 22 27 | 27.0
Dodging        | 2 3 4 5 6 7 8 10 27 | 27.0
Invocations    | 5 6 8 27 | 27.0
Armour         | 7 8 9 10 14 16 17 21 22 27 | 27.0
Shields        | 13 15 26 | 26.2
Evocations     | 25 | 25.4
Stealth        | 16 | 16.2
Spellcasting   | |  1.0
Hexes          | |  2.0

Action                   |  1- 3 |  4- 6 |  7- 9 | 10-12 | 13-15 | 16-18 | 19-21 | 22-24 | 25-27 || total
-------------------------+-------+-------+-------+-------+-------+-------+-------+-------+-------++-------
Melee: Unarmed           |    19 |    20 |    26 |    71 |   129 |   142 |    66 |       |   907 ||  1380
Throw: Large rock        |     2 |     4 |    26 |    42 |    38 |    56 |    64 |       |   151 ||   383
       Javelin           |       |       |     3 |    16 |    52 |    29 |    17 |       |    14 ||   131
       Throwing net      |       |       |     1 |       |       |     2 |       |       |       ||     3
Invok: Heroism           |       |     1 |     1 |     3 |     2 |     3 |     2 |       |     8 ||    20
       Finesse           |       |       |       |       |       |     2 |     2 |       |     5 ||     9
       Cleansing Flame   |       |       |       |       |       |       |       |       |    45 ||    45
       Summon Divine War |       |       |       |       |       |       |       |       |     4 ||     4
Evoke: Wand              |       |       |       |       |       |       |       |       |     2 ||     2
       Quad damage       |       |       |       |       |       |       |       |       |     1 ||     1
  Use: Potion            |       |       |     1 |     5 |     2 |     5 |     3 |     3 |    27 ||    46
       Scroll            |       |       |       |       |     3 |    27 |       |       |     8 ||    38
 Stab: Held in net/web   |       |       |     2 |       |       |       |       |       |       ||     2
       Distracted        |       |       |       |       |     1 |       |       |       |       ||     1
  Eat: Chunk             |       |       |    10 |     9 |     8 |     8 |    10 |       |    28 ||    73
       Bread ration      |       |       |       |       |       |       |       |       |     2 ||     2
